 Dungeon Crawl Stone Soup version 0.29.1 (webtiles) character file.

Game seed: 10348701904738068138

226 apoch the Chopper (level 5, -8/41 (45) HPs)
             Began as a Minotaur Fighter on Sept 13, 2022.
             Was a Follower of Kikubaaqudgha.
             Killed from afar by Dowan (14 damage)
             ... with a puff of frost
             ... on level 4 of the Dungeon.
             The game lasted 00:03:29 (3461 turns).

apoch the Chopper (Minotaur Fighter)                Turns: 3461, Time: 00:03:30

HP:   -8/41 (45)    AC:  6    Str: 22    XL:     5   Next: 69%
MP:   4/4           EV: 13    Int:  5    God:    Kikubaaqudgha [*.....]
Gold: 142           SH:  4    Dex: 10    Spells: 4/4 levels left

rFire   . . .      SeeInvis .   a - +0 war axe
rCold   . . .      Faith    .   c - +0 buckler
rNeg    . . .      Spirit   .   b - +0 scale mail
rPois   .          Reflect  .   (helmet restricted)
rElec   .          Harm     .   (no cloak)
rCorr   .          Rampage  .   (no gloves)
Will    .....                   (no boots)
Stlth   ..........              (no amulet)
HPRegen 0.13/turn               o - +4 ring of evasion
MPRegen 0.09/turn               (no ring)

@: mighty, drained
A: horns 2, retaliatory headbutt
a: Renounce Religion, Unearth Wretches


You were on level 4 of the Dungeon.
You worshipped Kikubaaqudgha.
Kikubaaqudgha was aware of your devotion.
You visited 1 branch of the dungeon, and saw 4 of its levels.

You collected 142 gold pieces.

Inventory:

Hand Weapons
 a - a +0 war axe (weapon)
Missiles
 e - 6 curare-tipped darts
 w - a javelin (quivered)
Armour
 b - a +0 scale mail (worn)
 c - a +0 buckler (worn)
Jewellery
 o - a +4 ring of evasion (left hand)
Scrolls
 f - a scroll of magic mapping {unknown}
 g - a scroll of noise {unknown}
 h - a scroll of poison {unknown}
 j - 3 scrolls of identify {unknown}
 k - a scroll of blinking {unknown}
 n - 2 scrolls of fear {unknown}
 p - a scroll of brand weapon {unknown}
 r - 2 scrolls of amnesia {unknown}
 s - 4 scrolls of teleportation {unknown}
 u - a scroll of enchant armour {unknown}
Potions
 i - a potion of curing {unknown}
 l - 2 potions of brilliance
 m - 2 potions of heal wounds {unknown}
 q - 2 potions of mutation {unknown}
 t - a potion of lignification {unknown}


   Skills:
 - Level 3.6 Fighting
 + Level 7.3 Axes
 - Level 3.6 Armour
 - Level 3.6 Shields


You had 4 spell levels left.
You didn't know any spells.
Your spell library contained the following spells:

 Spells                   Type           Power      Damage    Failure   Level
 Necrotise                Necr           0%         1d4       88%         1
 Sublimation of Blood     Necr           0%         N/A       95%         2
 Call Canine Familiar     Summ           0%         N/A       99%         3
 Portal Projectile        Hex/Tloc       0%         N/A       99%         3
 Anguish                  Hex/Necr       0%         N/A       100%        4
 Animate Dead             Necr           0%         N/A       100%        4
 Leda's Liquefaction      Hex/Erth       0%         N/A       100%        4


Dungeon Overview and Level Annotations

Branches:
Dungeon (4/15)
 Temple: D:4-7

Altars:
Kikubaaqudgha

Annotations:
D:4 Dowan, Duvessa, Edmund


Innate Abilities, Weirdness & Mutations

You have a pair of horns on your head.
You reflexively headbutt those who attack you in melee.


Message History

A necrophage comes into view.
Dowan casts a spell at you. The puff of flame hits you!
Edmund the Younger comes into view.
He is wielding a +0 flail of draining.
You hit Duvessa.
Duvessa is lightly wounded.
You slash Edmund! You block Duvessa's attack. Edmund misses you.
You slash Duvessa!
Duvessa is heavily wounded.
You closely miss Edmund. Dowan casts a spell at you.
The puff of frost misses you.
The puff of frost hits Edmund!
Duvessa hits you with a +0 short sword. You block Edmund's attack.
You barely miss Duvessa.
Duvessa is heavily wounded.
You hit Edmund.
Dowan says, "Magic and the sword, together, will defeat you."
Dowan drinks a potion.
Dowan's spells are empowered!
You block Duvessa's attack.
Edmund hits you with a +0 flail of draining.
You feel drained.
You slash Duvessa!
Duvessa is almost dead.
You hit Edmund but do no damage. Duvessa hits you with a +0 short sword.
Edmund hits you with a +0 flail of draining.
You feel drained.
You barely miss Duvessa.
Duvessa is almost dead.
You barely miss Dowan. You completely miss Edmund.
Dowan hits you with a +0 dagger.
Duvessa gestures with her weapon.
Duvessa hits you but does no damage.
Edmund hits you with a +0 flail of draining!
* * * LOW HITPOINT WARNING * * *
You feel drained.
* * * LOW HITPOINT WARNING * * *
Dowan gestures at you while chanting. The puff of frost hits you!
You die...
Kikubaaqudgha rasps: "You have failed me!
Welcome... death!"

. .. .#
..##
#####
....#
#.@.#...#
#@e...#
##en..#
....#
#...#
....#
..#...
.###. .#


You could see Edmund, Duvessa, a necrophage and Dowan (empowered).

Vanquished Creatures
  An orc wizard (D:3)
  Natasha (thrice) (D:2)
  Robin (D:2)
  4 adders
  A white imp (D:3)
  4 orcs (D:3)
  5 bats
  An endoplasm (D:3)
  A giant cockroach (D:2)
  14 goblins
  10 hobgoblins
  5 quokkas
  6 ball pythons
  3 frilled lizards
  5 kobolds
  7 rats
71 creatures vanquished.

Notes
Turn   | Place    | Note
-------+----------+-------------------------------------------
     0 | D:1      | apoch the Minotaur Fighter began the quest for the Orb.
     0 | D:1      | Reached XP level 1. HP: 19/19 MP: 0/0
   164 | D:1      | Reached skill level 3 in Axes
   829 | D:1      | Reached XP level 2. HP: 25/26 MP: 1/1
  1329 | D:2      | Reached skill level 4 in Axes
  1329 | D:2      | Noticed Robin
  1339 | D:2      | Killed Robin
  1340 | D:2      | Reached XP level 3. HP: 26/31 MP: 2/2
  1506 | D:2      | Reached skill level 5 in Axes
  1656 | D:2      | Found a faded altar of an unknown god.
  1663 | D:2      | Noticed Natasha
  1669 | D:2      | Killed Natasha
  1670 | D:2      | Reached XP level 4. HP: 39/39 MP: 3/3
  1671 | D:2      | Prayed at the altar of an unknown god.
  1671 | D:2      | Became a worshipper of Kikubaaqudgha
  1671 | D:2      | Reached * piety under Kikubaaqudgha
  1671 | D:2      | Received a gift from Kikubaaqudgha
  1797 | D:2      | Noticed Natasha
  1807 | D:2      | Killed Natasha
  1808 | D:2      | Reached skill level 6 in Axes
  2135 | D:2      | Reached XP level 5. HP: 45/45 MP: 4/4
  2161 | D:2      | Noticed Natasha
  2172 | D:2      | Killed Natasha
  2838 | D:3      | Reached skill level 7 in Axes
  3455 | D:4      | Noticed Duvessa
  3455 | D:4      | Noticed Dowan
  3456 | D:4      | Noticed Edmund
  3461 | D:4      | Killed from afar by Dowan

Illustrated notes

Levels and vault maps discovered:
D:1:      minmay_arrival_stair_chambers, layout_loops_corners
D:2:      layout_loops_ring, basic_ecumenical_altar, grunt_ministairs_5,
          minmay_pentomino_t2, uniq_robin, uniq_natasha
D:3:      layout_loops_ring, minmay_box_of_dots
D:4:      layout_rooms, mainiacjoe_overflow_surrounded_room,
          minmay_temple_entry_statues_pillars, uniq_edmund, uniq_duvessa,
          uniq_grinder

Skill      XL: |  1  2  3  4  5 |
---------------+----------------+-----
Axes           | 3 4 5 6 7 |  7.3
Fighting       | |  3.6
Armour         | |  3.6
Shields        | |  3.6

Action                   |  1- 3 |  4- 6 || total
-------------------------+-------+-------++-------
Melee: War axe           |    98 |    57 ||   155
       Headbutt          |     9 |     6 ||    15
Throw: Stone             |    10 |    17 ||    27
       Javelin           |    22 |    10 ||    32
  Use: Potion            |       |     1 ||     1
Armor: Scale mail        |    37 |    21 ||    58
Dodge: Dodged            |    44 |    35 ||    79
Block: Buckler           |    19 |    16 ||    35
